 Dungeon Sprint DCSS version 0.29-a0-517-gbdf32494f2 (webtiles) character file.

Game seed: 15171939741612763324

464798 mhtbhm the Middleweight Champion (level 21, -3/397 (411) HPs)
             Began as an Octopode Transmuter on May 30, 2022.
             Was an Initiate of Gozag.
             Slain by Ereshkigal (26 damage)
             ... while paralysed by Ereshkigal
             ... in the Dungeon (Sprint IX: "|||||||||||||||||||||||||||||").
             The game lasted 00:34:53 (15625 turns).

mhtbhm the Middleweight Champion (OpTm)            Turns: 15625, Time: 00:34:54

HP:   -3/397 (411)  AC: 16    Str: 31    XL:     21   Next: 9%
MP:   37/61         EV:  1    Int: 25    God:    Gozag
Gold: 13039         SH:  0    Dex: 14    Spells: 46/74 levels left

rFire   + + .      SeeInvis +     - Unarmed
rCold   . . .      Faith    .   (shield currently unavailable)
rNeg    + . .      Spirit   .   (helmet currently unavailable)
rPois   +          Reflect  +   G - amulet "Coeleghy" {Reflect Rampage SH+5}
rElec   +          Harm     .   t - ring of protection from cold
rCorr   +          Rampage  +   v - ring of Daisies {rPois Slay+3}
Will    +....      NoTele   +   u - ring of see invisible
Stlth   ..........              z - ring of Caemp {rElec Slay+3}
HPRegen 0.76/turn               J - ring of Erayvuas {rPois rCorr MP+9 Slay+2 SInv}
MPRegen 0.37/turn               K - +6 ring of strength
                                L - +4 ring of slaying
                                M - ring "Wasakatt" {rN+ Int+6 SInv}

@: paralysed, mighty, berserking (expiring), dragon-form, wereblooded, gold
aura, flying, hasted, studying Staves, lightly drained
A: dragon claw, dragon scales, breathe fire, flying, boosted hp, almost no
armour, amphibious, 8 rings, giant, (camouflage 1), (gelatinous body 1), (nimble
swimmer 1), (tentacles)
}: 9/17 runes: decaying, serpentine, barnacled, slimy, elven, silver, golden,
abyssal, gossamer
a: Breathe Fire, End Transformation, Renounce Religion, Potion Petition, Call
Merchant, Bribe Branch


You were in the Dungeon.
You worshipped Gozag.
Gozag was extremely pleased with you.
You were a fearsome dragon!
You visited 1 branch You collected 55186 gold pieces.
You spent 9842 gold pieces at shops.
You paid 32305 gold pieces to Gozag.

Inventory:

Missiles
 F - 9 silver javelins (quivered)
Armour
 H - a +2 hat (melded)
Jewellery
 t - a ring of protection from cold (left foreclaw)
 u - a ring of see invisible (on tentacle)
 v - the ring of Daisies (right foreclaw) {rPois Slay+3}
   (You found it in the Dungeon)

   [ring of slaying]

   Slay:      It affects your accuracy & damage with ranged weapons and melee
   (+3).
   rPois:     It protects you from poison.
 w - the ring "Plog" {Ice rElec}
   (You found it in the Dungeon)

   [ring of ice]

   It enhances your ice magic.
   rF:        It makes you vulnerable to fire.
   rC:        It protects you from cold.
   rElec:     It insulates you from electricity.
 z - the ring of Caemp (on tentacle) {rElec Slay+3}
   (You found it in the Dungeon)

   [ring of slaying]

   Slay:      It affects your accuracy & damage with ranged weapons and melee
   (+3).
   rElec:     It insulates you from electricity.
 G - the amulet "Coeleghy" (around neck) {Reflect Rampage SH+5}
   (You found it in the Dungeon)

   [amulet of reflection]

   It reflects blocked missile attacks.
   SH:        It affects your SH (+5).
   Rampage:   It bestows one free step when moving towards enemies.
 J - the ring of Erayvuas (on tentacle) {rPois rCorr MP+9 Slay+2 SInv}
   (You bought it in a shop in the Dungeon)

   [ring of resist corrosion]

   Slay:      It affects your accuracy & damage with ranged weapons and melee
   (+2).
   rPois:     It protects you from poison.
   MP:        It affects your magic capacity (+9).
   SInv:      It lets you see invisible.
   rCorr:     It protects you from acid and corrosion.
 K - a +6 ring of strength (on tentacle)
 L - a +4 ring of slaying (on tentacle)
 M - the ring "Wasakatt" (on tentacle) {rN+ Int+6 SInv}
   (You bought it in a shop in the Dungeon)

   [ring of positive energy]

   Int:       It affects your intelligence (+6).
   rN:        It protects you from negative energy.
   SInv:      It lets you see invisible.
Wands
 i - a wand of acid (1)
 y - a wand of iceblast (3)
 B - a wand of paralysis (3)
Scrolls
 g - 7 scrolls of blinking
 h - 2 scrolls of amnesia
 j - 2 scrolls of immolation
 o - 8 scrolls of enchant weapon
 p - 9 scrolls of fog
 q - 6 scrolls of enchant armour
 r - 5 scrolls of fear
 s - 3 scrolls of identify
 x - a scroll of summoning
 A - a scroll of silence
Potions
 a - 2 potions of lignification
 b - 6 potions of curing
 c - a potion of invisibility
 d - 7 potions of haste
 e - 9 potions of magic
 f - a potion of ambrosia
 l - 3 potions of might
 m - 4 potions of mutation
 C - 3 potions of heal wounds
 D - 4 potions of brilliance
 E - a potion of resistance
Miscellaneous
 k - a phantom mirror
 I - a box of beasts


   Skills:
 O Level 27 Fighting
 + Level 17.9 Throwing
 O Level 27 Dodging
 O Level 27 Stealth
 O Level 27 Shields
 O Level 27 Unarmed Combat
 O Level 27 Spellcasting
 O Level 27 Transmutations
 + Level 7.8 Ice Magic
 + Level 25.9 Earth Magic
 + Level 5.5 Evocations


You had 46 spell levels left.
You knew the following spells:

 Your Spells              Type           Power      Damage    Failure   Level
a - Beastly Appendage     Tmut           100%       N/A       0%          1
b - Wereblood             Tmut           100%       N/A       0%          2
c - Spider Form           Tmut/Pois      79%        N/A       0%          3
d - Ice Form              Ice/Tmut       88%        N/A       0%          4
e - Blade Hands           Tmut           53%        N/A       0%          5
f - Statue Form           Tmut/Erth      70%        N/A       0%          6
g - Dragon Form           Tmut           53%        N/A       0%          7

Your spell library contained the following spells:

 Spells                   Type           Power      Damage    Failure   Level
 Lee's Rapid Deconstruct  Erth           52%        3d25*     0%          5
 Shock                    Conj/Air       100%       1d9       1%          1
 Summon Small Mammal      Summ           100%       N/A       1%          1
 Static Discharge         Conj/Air       33%        N/A       1%          2
 Call Canine Familiar     Summ           33%        N/A       2%          3
 Portal Projectile        Hex/Tloc       66%        N/A       2%          3
 Summon Guardian Golem    Hex/Summ       33%        N/A       2%          3
 Tukima's Dance           Hex            33%        N/A       2%          3
 Cause Fear               Hex            16%        N/A       9%          4
 Conjure Ball Lightning   Conj/Air       16%        3x3d6     78%         6
 Dragon's Call            Summ           16%        N/A       100%        9


Dungeon Overview and Level Annotations

Branches:
Dungeon (1/1)

Altars:
Cheibriados
Dithmenos
Elyvilon
Fedhas
Gozag
Hepliaklqana
Kikubaaqudgha
Makhleb
Nemelex Xobeh
Okawaru
Qazlal
Ru
Sif Muna
Trog
Uskayaw
Vehumet
Wu Jian
Xom
Yredelemnul
Zin
The Shining One
Beogh
Jiyva
Lugonu

Shops:
D ==:***?::??::?::*[=*[

Annotations:
D Ereshkigal


Innate Abilities, Weirdness & Mutations

You are a fearsome dragon!
You have a powerful clawing attack.
Your giant scaled body is strong and resiliant, but less evasive.
You can breathe fire.
You are flying.
Your maximum health is greatly increased.
Your armour is entirely melded.
You are incapable of wielding weapons or throwing items.
You cannot wear most types of armour.
You are amphibious.
You can wear up to eight rings at the same time.
((Your skin changes colour to match your surroundings (Stealth+).))
((Your rubbery body absorbs attacks. (AC +1, EV +1)))
((You are camouflaged when in or above water. (Stealth+)))
((You have tentacles for arms and can constrict up to eight enemies at once.))


Message History

Ereshkigal is moderately wounded.
Ereshkigal misses you.
Unknown command.
You maul Ereshkigal!!!!
Your bite misses Ereshkigal.
Ereshkigal is severely wounded.
You roar as the wereblood boils in your veins!
Unknown command.
You closely miss Ereshkigal. You tail-slap Ereshkigal.
Your claw misses Ereshkigal.
Ereshkigal is severely wounded.
You roar as the wereblood boils in your veins!
Ereshkigal closely misses you.
Unknown command.
You completely miss Ereshkigal. Your bite misses Ereshkigal.
Ereshkigal is severely wounded.
Ereshkigal hits you.
* * * LOW HITPOINT WARNING * * *
You partially resist.
You feel drained.
Unknown command.
You completely miss Ereshkigal. You tail-slap Ereshkigal! You claw Ereshkigal!!
Ereshkigal is severely wounded.
Unknown command.
You bite Ereshkigal!!
Your tail-slap misses Ereshkigal.
Ereshkigal is almost dead.
You roar as the wereblood boils in your veins!
Ereshkigal gestures at you.
You suddenly lose the ability to move!
Ereshkigal gestures at you. The bolt of cold hits you!!!
* * * LOW HITPOINT WARNING * * *
Ereshkigal gestures at you. You resist with significant effort.
Ereshkigal is distracted by your dazzling golden aura.
Ereshkigal is no longer distracted by gold.
Ereshkigal calls on the powers of darkness!
Your body is wracked with pain!
* * * LOW HITPOINT WARNING * * *
Ereshkigal hits you!!
You die...
Your body crumbles into a pile of gold.

▓.▓.▓.▓.▓.▓.▓.▓.▓)
▓φ▓.▓.▓.▓.▓.▓.▓.▓)
▓'▓.▓.▓.▓.▓.▓)▓.▓.
▓}▓.▓.▓.▓.▓.▓.▓.▓.
▓'▓.▓.▓.▓.▓.▓.▓.▓)
▓∩▓.▓.▓.▓'▓.▓)▓.▓)
▓∩▓.▓.▓.▓.▓.▓.▓.▓.
▓&▓.▓.▓.▓)▓.▓.▓.▓.
▓D▓.▓'▓.▓)▓.▓.▓.▓.
▓.▓.▓.▓.▓.▓.▓.▓.▓)
▓.▓.▓.▓.▓)▓.▓.▓.▓.
▓.▓.▓.▓.▓.▓.▓.▓.▓.
▓.▓.▓.▓.▓)▓.▓'▓.▓)
▓.▓.▓.▓.▓)▓.▓.▓.▓'
▓.▓.▓.▓.▓)▓.▓'▓.▓.
▓.▓.▓.▓.▓)▓.▓.▓.▓.
▓.▓.▓.▓.▓)▓.▓'▓.▓.


You could see Ereshkigal (fast).

Vanquished Creatures
  the Royal Jelly (D)
  Antaeus (D)
  4 orbs of fire (D)
  2 ancient liches (D)
  Mara (D)
  Mennas (D)
  7 royal mummies (D)
  Frederick (D)
  A Killer Klown (D)
  Saint Roka (D)
  4 golden dragons (D)
  Jory (D)
  Geryon (D)
  2 bone dragons (D)
  2 electric golems (D)
  8 tentacled monstrosities (D)
  27 Orb Guardians (D)
  4 liches (D)
  3 deep elf blademasters (D)
  A quicksilver dragon (D)
  2 titans (D)
  A tentacled starspawn (D)
  9 acid blobs (D)
  2 deep elf master archers (D)
  12 sphinxes (D)
  Frances (D)
  11 shadow dragons (D)
  2 storm dragons (D)
  A draconian monk (D)
  5 azure jellies (D)
  A tengu reaver (D)
  5 rockslimes (D)
  Donald (D)
  4 nagarajas (D)
  3 draconian knights (D)
  Ilsuiw (D)
  6 frost giants (D)
  3 fire giants (D)
  2 draconian scorchers (D)
  2 ghost moths (D)
  A deep elf sorcerer (D)
  Louise (D)
  5 emperor scorpions (D)
  Aizul (D)
  3 draconian annihilators (D)
  5 vault wardens (D)
  3 draconian stormcallers (D)
  3 stone giants (D)
  A broodmother (D)
  4 ironbound preservers (D)
  A quicksilver ooze (shapeshifter) (D)
  2 quicksilver oozes (D)
  8 vampire knights (D)
  4 very ugly things (D)
  2 green draconians (D)
  4 deep elf annihilators (D)
  3 ironbound thunderhulks (D)
  2 purple draconians (D)
  An entropy weaver (D)
  A bunyip (D)
  A spark wasp (D)
  2 red draconians (D)
  2 white draconians (D)
  4 yellow draconians (D)
  4 mummy priests (D)
  6 ettins (D)
  4 merfolk javelineers (D)
  8 fire dragons (D)
  5 merfolk impalers (D)
  5 deep elf high priests (D)
  2 yaktaur captains (D)
  A great orb of eyes (D)
  2 ice dragons (D)
  7 hydras (D)
  A boulder beetle (D)
  25 vault guards (D)
  2 ogre magi (D)
  An alligator snapping turtle (D)
  3 centaur warriors (D)
  An alligator (D)
  3 merfolk aquamancers (D)
  A deep troll earth mage (D)
  2 deep troll shamans (D)
  2 naga warriors (D)
  A vampire mage (D)
  3 spriggan berserkers (D)
  A shock serpent (D)
  An orc high priest (D)
  A thrashing horror (D)
  2 pharaoh ants (D)
  A goliath frog (D)
  A glowing orange brain (D)
  5 deep trolls (D)
  A sea snake (D)
  An iron troll (D)
  A steelbarb worm (D)
  2 naga ritualists (D)
  5 ironbound convokers (D)
  2 harpies (D)
  A wizard (D)
  A necromancer (D)
  9 swamp dragons (D)
  A wolf spider (D)
  A deep elf pyromancer (D)
  5 lindwurms (D)
  2 ugly things (D)
  A cyclops (D)
  2 manticores (D)
  2 orc sorcerers (D)
  11 moths of wrath (D)
  A merfolk siren (D)
  7 black mambas (D)
  4 naga magi (D)
  3 vault sentinels (D)
  2 guardian serpents (D)
  A smoke demon (D)
  A freezing wraith (D)
  A yaktaur (D)
  A rime drake (D)
  An efreet (D)
  An unseen horror (D)
  2 demonic crawlers (D)
  17 guardian mummies (D)
  2 komodo dragons (D)
  An ancient zyme (D)
  4 trolls (D)
  A merfolk (D)
  5 tyrant leeches (D)
  A wandering mushroom (D)
  A wind drake (shapeshifter) (D)
  3 wind drakes (D)
  3 slime creatures (D)
  11 spriggans (D)
  5 jumping spiders (D)
  2 shadows (D)
  A wyvern (D)
  A wraith (D)
  4 yaks (D)
  Grum (D)
  A golden eye (D)
  A chaos spawn (D)
  A water moccasin (D)
  3 nagas (D)
  2 acid dragons (D)
  2 floating eyes (D)
  A swamp drake (D)
  13 orc warriors (D)
  An ice beast (D)
  3 wolves (D)
  A boggart (D)
  A centaur (D)
  A phantom (D)
  4 bullfrogs (D)
  A scorpion (D)
  A howler monkey (D)
  5 orc priests (D)
  An orc wizard (D)
  A hell rat (D)
  An adder (D)
  A white imp (D)
  2 ufetubi (D)
  A dart slug (D)
  9 orcs (D)
  An endoplasm (D)
  2 goblins (D)
  A kobold (D)
  A ball python (D)
  A quokka zombie (D)
512 creatures vanquished.

Vanquished Creatures (others)
  A naga warrior (D)
  A basilisk (D)
2 creatures vanquished.

Grand Total: 514 creatures vanquished

Notes
Turn   | Place    | Note
-------+----------+-------------------------------------------
     0 | D        | mhtbhm the Octopode Transmuter began the quest for the Orb.
     0 | D        | Reached XP level 1. HP: 13/13 MP: 3/3
   228 | D        | Noticed a scorpion
   228 | D        | Noticed a phantom
   238 | D        | Killed a phantom
   239 | D        | Reached XP level 2. HP: 12/18 MP: 2/6
   239 | D        | Reached XP level 3. HP: 15/23 MP: 2/8
   239 | D        | Reached XP level 4. HP: 19/28 MP: 2/9
   497 | D        | Learned a level 2 spell: Wereblood
   501 | D        | Learned a level 3 spell: Spider Form
   506 | D        | Learned a level 4 spell: Ice Form
   513 | D        | Killed a scorpion
   514 | D        | Reached skill level 1 in Stealth
   514 | D        | Reached XP level 5. HP: 31/34 MP: 6/11
   520 | D        | Found a snail-covered altar of Cheibriados.
   520 | D        | Found a shadowy altar of Dithmenos.
   520 | D        | Found a white marble altar of Elyvilon.
   520 | D        | Found a blossoming altar of Fedhas.
   520 | D        | Found an opulent altar of Gozag.
   521 | D        | Found a hazy altar of Hepliaklqana.
   522 | D        | Found a viscous altar of Jiyva.
   523 | D        | Found an ancient bone altar of Kikubaaqudgha.
   524 | D        | Found a corrupted altar of Lugonu.
   525 | D        | Found a burning altar of Makhleb.
   526 | D        | Found a sparkling altar of Nemelex Xobeh.
   527 | D        | Found an iron altar of Okawaru.
   528 | D        | Became a worshipper of Gozag Ym Sagoz the Greedy
   529 | D        | Found a stormy altar of Qazlal.
   530 | D        | Found a sacrificial altar of Ru.
   531 | D        | Found a shimmering blue altar of Sif Muna.
   532 | D        | Found a bloodstained altar of Trog.
   533 | D        | Found a hide-covered altar of Uskayaw.
   534 | D        | Found a radiant altar of Vehumet.
   535 | D        | Found an ornate altar of the Wu Jian Council.
   536 | D        | Found a shimmering altar of Xom.
   537 | D        | Found a basalt altar of Yredelemnul.
   538 | D        | Found a glowing silver altar of Zin.
   539 | D        | Found a glowing golden altar of the Shining One.
   568 | D        | Noticed a centaur
   568 | D        | Noticed a shadow
   568 | D        | Noticed an acid dragon
   568 | D        | Noticed a yak
   568 | D        | Noticed a shadow
   574 | D        | Killed a shadow
   575 | D        | Reached skill level 5 in Spellcasting
   575 | D        | Reached skill level 5 in Transmutations
   575 | D        | Reached XP level 6. HP: 41/41 MP: 4/13
   580 | D        | Killed an unseen horror
   580 | D        | Killed a shadow
   581 | D        | Reached skill level 5 in Dodging
   581 | D        | Reached XP level 7. HP: 33/46 MP: 4/17
   582 | D        | Killed a yak
   583 | D        | Reached skill level 1 in Ice Magic
   583 | D        | Reached XP level 8. HP: 36/54 MP: 5/18
   859 | D        | Noticed a centaur warrior
   859 | D        | Noticed a wraith
   859 | D        | Noticed a centaur warrior
   859 | D        | Noticed a manticore
   865 | D        | Killed a manticore
   866 | D        | Reached skill level 1 in Evocations
   868 | D        | Killed a centaur warrior
   869 | D        | Reached XP level 9. HP: 40/60 MP: 13/21
   878 | D        | Reached skill level 5 in Fighting
   882 | D        | Killed a centaur warrior
   883 | D        | Reached skill level 5 in Stealth
   883 | D        | Reached skill level 15 in Unarmed Combat
  1147 | D        | Noticed a komodo dragon
  1147 | D        | Noticed a black mamba
  1147 | D        | Noticed a black mamba
  1147 | D        | Noticed a komodo dragon
  1152 | D        | Killed a komodo dragon
  1160 | D        | Reached XP level 10. HP: 55/67 MP: 18/23
  1164 | D        | Killed a black mamba
  1417 | D        | Killed a black mamba
  1424 | D        | Reached skill level 10 in Transmutations
  1549 | D        | Noticed a black mamba
  1549 | D        | Noticed a black mamba
  1558 | D        | Killed a black mamba
  1561 | D        | Killed a black mamba
  1563 | D        | Reached skill level 10 in Spellcasting
  1580 | D        | Noticed a lindwurm
  1580 | D        | Noticed a lindwurm
  1580 | D        | Noticed a lindwurm
  1580 | D        | Noticed a lindwurm
  1584 | D        | Noticed a lindwurm
  1587 | D        | Killed a lindwurm
  1588 | D        | Reached XP level 11. HP: 57/74 MP: 23/25
  1591 | D        | Killed a lindwurm
  1596 | D        | Killed a lindwurm
  1845 | D        | Killed a lindwurm
  1854 | D        | Killed a lindwurm
  2424 | D        | Noticed an orc sorcerer
  2433 | D        | Killed an orc sorcerer
  2670 | D        | Noticed an orc high priest
  2675 | D        | Killed an orc high priest
  3085 | D        | Found Keebokut's Armour Boutique.
  3085 | D        | Noticed a deep troll
  3085 | D        | Noticed a deep troll
  3085 | D        | Noticed an iron troll
  3086 | D        | Noticed a deep troll
  3091 | D        | Noticed an ettin
  3092 | D        | Killed an iron troll
  3095 | D        | Killed a deep troll
  3101 | D        | Killed a deep troll
  3102 | D        | Reached skill level 5 in Ice Magic
  3106 | D        | Killed a deep troll
  3107 | D        | Reached XP level 12. HP: 28/81 MP: 27/27
  3368 | D        | Killed an ettin
  3486 | D        | Found Bifroqer's General Store.
  3490 | D        | Found Xiurudasm's Jewellery Boutique.
  3495 | D        | Found Ruam's Armour Shop.
  3496 | D        | Noticed an ogre mage
  3500 | D        | Noticed an ogre mage
  3511 | D        | Killed an ogre mage
  3519 | D        | Killed an ogre mage
  3750 | D        | Bought a potion of might for 40 gold pieces
  3750 | D        | Bought a scroll of identify for 20 gold pieces
  3785 | D        | Noticed Grum
  3797 | D        | Killed Grum
  3916 | D        | Bought a scroll of blinking for 112 gold pieces
  3916 | D        | Bought a scroll of fog for 30 gold pieces
  3916 | D        | Bought a scroll of blinking for 112 gold pieces
  3916 | D        | Bought a scroll of immolation for 52 gold pieces
  3916 | D        | Bought a scroll of summoning for 142 gold pieces
  3920 | D        | Bought a book of Weapons for 420 gold pieces
  3928 | D        | Learned a level 5 spell: Blade Hands
  3930 | D        | Bought a potion of might for 52 gold pieces
  3930 | D        | Bought a potion of curing for 39 gold pieces
  3982 | D        | Bought the Grimoire of Earth and Air for 900 gold pieces
  3989 | D        | Learned a level 6 spell: Statue Form
  4197 | D        | Noticed a frost giant
  4204 | D        | Noticed a centaur warrior
  4208 | D        | Noticed a green very ugly thing
  4214 | D        | Noticed a quicksilver ooze
  4216 | D        | Killed a frost giant
  4216 | D        | HP: 3/106 [cyclops (18)]
  4217 | D        | Reached skill level 1 in Earth Magic
  4644 | D        | Noticed a green very ugly thing
  4652 | D        | Killed a green very ugly thing
  4657 | D        | Killed a green very ugly thing
  4673 | D        | Killed a centaur warrior
  4690 | D        | Noticed a catoblepas
  4691 | D        | Noticed a stone giant
  4692 | D        | Noticed a quicksilver ooze
  4692 | D        | a catoblepas changed into a quicksilver ooze
  4696 | D        | Killed a quicksilver ooze
  4697 | D        | Reached XP level 13. HP: 84/88 MP: 26/29
  4700 | D        | Killed a stone giant
  4872 | D        | Noticed a frost giant
  4890 | D        | Killed a frost giant
  5069 | D        | Reached skill level 10 in Dodging
  5179 | D        | Bought a book of the Dragon for 598 gold pieces
  5187 | D        | Learned a level 7 spell: Dragon Form
  5245 | D        | Noticed a spark wasp
  5245 | D        | Noticed a broodmother
  5257 | D        | Killed a broodmother
  5266 | D        | Killed a spark wasp
  5540 | D        | Reached skill level 15 in Transmutations
  5963 | D        | Noticed a bunyip
  5964 | D        | Reached skill level 10 in Stealth
  5969 | D        | Reached XP level 14. HP: 95/95 MP: 23/32
  6038 | D        | Noticed Frances
  6334 | D        | Killed Frances
  6359 | D        | Noticed Aizul
  6365 | D        | Killed Aizul
  6636 | D        | Noticed Donald
  6644 | D        | Noticed Saint Roka
  6646 | D        | Reached skill level 5 in Earth Magic
  6650 | D        | Killed Donald
  6664 | D        | Killed Saint Roka
  6665 | D        | Reached skill level 15 in Spellcasting
  6910 | D        | Noticed a fire giant
  6921 | D        | Noticed a frost giant
  6926 | D        | Killed a fire giant
  6928 | D        | Noticed a frost giant
  6930 | D        | Noticed a frost giant
  6931 | D        | Noticed a stone giant
  7206 | D        | Killed a frost giant
  7210 | D        | Killed a frost giant
  7213 | D        | Killed a frost giant
  7214 | D        | Reached skill level 10 in Fighting
  7216 | D        | Noticed a frost giant
  7217 | D        | Killed a stone giant
  7218 | D        | Reached skill level 27 in Unarmed Combat
  7461 | D        | Noticed a fire giant
  7466 | D        | Killed a frost giant
  7475 | D        | Killed a fire giant
  7830 | D        | Noticed an ironbound thunderhulk
  7830 | D        | Noticed a purple very ugly thing
  7837 | D        | Killed an ironbound thunderhulk
  7841 | D        | Killed a purple very ugly thing
  7842 | D        | Reached XP level 15. HP: 105/105 MP: 26/35
  7859 | D        | Noticed a vault warden
  7873 | D        | Killed a vault warden
  8004 | D        | Noticed Frederick
  8015 | D        | Killed Frederick
  8087 | D        | Found the +8 frozen axe "Frostbite" {freezing cloud, *Noise
                  | Fly rC+}
  8161 | D        | Bought a scroll of magic mapping for 52 gold pieces
  8165 | D        | Bought 3 scrolls of blinking for 270 gold pieces
  8258 | D        | Noticed Ilsuiw
  8283 | D        | Killed Ilsuiw
  8954 | D        | Got a barnacled rune of Zot
  9022 | D        | Noticed an emperor scorpion
  9027 | D        | Noticed an emperor scorpion
  9030 | D        | Noticed an emperor scorpion
  9034 | D        | Killed an emperor scorpion
  9037 | D        | Killed a ghost moth
  9038 | D        | Noticed an emperor scorpion
  9041 | D        | Killed a ghost moth
  9042 | D        | Noticed an emperor scorpion
  9047 | D        | Killed an emperor scorpion
  9048 | D        | Reached XP level 16. HP: 115/115 MP: 1/40
  9053 | D        | Reached skill level 15 in Dodging
  9070 | D        | Noticed a nagaraja
  9071 | D        | Noticed a nagaraja
  9076 | D        | Killed a nagaraja
  9083 | D        | Noticed a nagaraja
  9088 | D        | Killed a nagaraja
  9089 | D        | Noticed a nagaraja
  9098 | D        | Killed a nagaraja
  9100 | D        | Killed a nagaraja
  9120 | D        | Got a serpentine rune of Zot
  9145 | D        | Got a gossamer rune of Zot
  9168 | D        | Got a decaying rune of Zot
  9429 | D        | Reached skill level 5 in Evocations
  9446 | D        | Reached skill level 15 in Stealth
 10329 | D        | Noticed a golden dragon
 10329 | D        | Noticed a tengu reaver
 10336 | D        | Killed a tengu reaver
 10339 | D        | Noticed a lich
 10347 | D        | Killed a golden dragon
 10349 | D        | Noticed a shadow dragon
 10354 | D        | Killed a lich
 10359 | D        | Noticed a shadow dragon
 10369 | D        | Killed a shadow dragon
 10383 | D        | Killed a shadow dragon
 10386 | D        | Reached XP level 17. HP: 101/125 MP: 30/44
 10567 | D        | Noticed a titan
 10567 | D        | Noticed a quicksilver dragon
 10570 | D        | Noticed a titan
 10578 | D        | Killed a quicksilver dragon
 10583 | D        | Killed a titan
 10593 | D        | Killed a titan
 10600 | D        | Reached skill level 10 in Earth Magic
 10608 | D        | Got a silver rune of Zot
 10824 | D        | Identified the +3 tower shield of Disguise {rF+}
 10824 | D        | Noticed Mennas
 10845 | D        | Killed Mennas
 11102 | D        | Noticed Mara
 11117 | D        | Noticed mhtbhm's illusion
 11134 | D        | Killed Mara
 11172 | D        | Got the ring of Daisies {rPois Slay+3}
 11174 | D        | Got the ring "Plog" {Ice rElec}
 11176 | D        | Got the ring of Caemp {rElec Slay+3}
 11178 | D        | Got the amulet of Uskayaw's Regard {Faith +Blink rC- rN+}
 11180 | D        | Got the amulet "Coeleghy" {Reflect Rampage SH+5}
 11182 | D        | Found the +10 dark maul {vorpal}
 11411 | D        | Noticed Jory
 11425 | D        | Killed Jory
 11502 | D        | Noticed Louise
 11508 | D        | Killed Louise
 11525 | D        | Noticed a golden dragon
 11539 | D        | Reached skill level 1 in Shields
 11542 | D        | Killed a golden dragon
 11552 | D        | Noticed a bone dragon
 11552 | D        | Noticed a bone dragon
 11555 | D        | Reached skill level 15 in Fighting
 11561 | D        | Killed a bone dragon
 11567 | D        | Killed a bone dragon
 11593 | D        | Reached skill level 27 in Transmutations
 11595 | D        | Noticed a tentacled monstrosity
 11595 | D        | Noticed a tentacled monstrosity
 11596 | D        | Noticed a golden dragon
 11610 | D        | Killed a tentacled monstrosity
 11612 | D        | Killed a tentacled monstrosity
 11614 | D        | Killed a golden dragon
 11619 | D        | Reached XP level 18. HP: 134/134 MP: 48/48
 11635 | D        | Reached skill level 27 in Spellcasting
 11642 | D        | Reached skill level 5 in Shields
 11887 | D        | Noticed a tentacled monstrosity
 11897 | D        | Killed a tentacled monstrosity
 12189 | D        | Noticed an Orb Guardian
 12189 | D        | Noticed an Orb Guardian
 12189 | D        | Noticed an Orb Guardian
 12189 | D        | Noticed an Orb Guardian
 12189 | D        | Noticed an Orb Guardian
 12189 | D        | Noticed an Orb Guardian
 12190 | D        | Noticed an Orb Guardian
 12190 | D        | Killed an Orb Guardian
 12191 | D        | Noticed an Orb Guardian
 12191 | D        | Killed an Orb Guardian
 12195 | D        | Killed an Orb Guardian
 12196 | D        | Noticed an Orb Guardian
 12199 | D        | Killed an Orb Guardian
 12200 | D        | Killed an Orb Guardian
 12200 | D        | Noticed an Orb Guardian
 12203 | D        | Killed an Orb Guardian
 12205 | D        | Killed an Orb Guardian
 12207 | D        | Killed an Orb Guardian
 12209 | D        | Killed an Orb Guardian
 12210 | D        | Killed an Orb Guardian
 12211 | D        | Reached skill level 27 in Stealth
 12218 | D        | Noticed a tentacled monstrosity
 12218 | D        | Noticed an Orb Guardian
 12218 | D        | Noticed an Orb Guardian
 12218 | D        | Noticed a tentacled monstrosity
 12222 | D        | Killed a tentacled monstrosity
 12223 | D        | Reached skill level 10 in Shields
 12223 | D        | Noticed an Orb Guardian
 12224 | D        | Noticed an Orb Guardian
 12226 | D        | Killed an Orb Guardian
 12227 | D        | Killed an Orb Guardian
 12229 | D        | Killed a tentacled monstrosity
 12233 | D        | Killed an Orb Guardian
 12236 | D        | Killed an Orb Guardian
 12239 | D        | Noticed an ancient lich
 12241 | D        | Killed an ancient lich
 12245 | D        | Noticed an orb of fire
 12248 | D        | Killed an orb of fire
 12251 | D        | Noticed an electric golem
 12254 | D        | Killed an electric golem
 12476 | D        | Noticed an electric golem
 12476 | D        | Noticed a golden dragon
 12476 | D        | Noticed an Orb Guardian
 12476 | D        | Noticed an ancient lich
 12476 | D        | Noticed an orb of fire
 12476 | D        | Noticed a tentacled monstrosity
 12477 | D        | Noticed a tentacled monstrosity
 12478 | D        | Noticed an orb of fire
 12480 | D        | Killed an orb of fire
 12481 | D        | Reached XP level 19. HP: 149/149 MP: 41/50
 12483 | D        | Killed a tentacled monstrosity
 12484 | D        | Noticed an orb of fire
 12484 | D        | Killed an ancient lich
 12487 | D        | Noticed a tentacled monstrosity
 12491 | D        | Killed an orb of fire
 12492 | D        | Noticed a Killer Klown
 12493 | D        | Killed a golden dragon
 12494 | D        | Reached skill level 27 in Dodging
 12494 | D        | Reached skill level 15 in Shields
 12499 | D        | Killed an orb of fire
 12502 | D        | Killed a tentacled monstrosity
 12506 | D        | Killed an electric golem
 12512 | D        | Killed a tentacled monstrosity
 12516 | D        | Killed a Killer Klown
 12818 | D        | Bought a phantom mirror for 640 gold pieces
 12818 | D        | Bought 4 silver javelins for 153 gold pieces
 12820 | D        | Bought a short ivory wand for 160 gold pieces
 12820 | D        | Bought a scroll labelled BAUVOFYAGG for 40 gold pieces
 12820 | D        | Bought a silver wand for 160 gold pieces
 12820 | D        | Bought a box of beasts for 1600 gold pieces
 12825 | D        | Bought a scroll of fog for 44 gold pieces
 12825 | D        | Bought a scroll of immolation for 77 gold pieces
 12984 | D        | Reached XP level 20. HP: 172/172 MP: 48/51
 13005 | D        | Got an elven rune of Zot
 13086 | D        | Noticed the Royal Jelly
 13087 | D        | Reached skill level 1 in Throwing
 13087 | D        | Reached skill level 15 in Earth Magic
 13103 | D        | Killed the Royal Jelly
 13104 | D        | Reached skill level 5 in Throwing
 13345 | D        | Paralysed by a floating eye for 3 turns
 13359 | D        | Reached skill level 27 in Fighting
 13371 | D        | Got a slimy rune of Zot
 13789 | D        | Reached skill level 27 in Shields
 13797 | D        | Paralysed by a sphinx for 2 turns
 13798 | D        | Reached skill level 10 in Throwing
 14181 | D        | Noticed a royal mummy
 14184 | D        | Noticed a royal mummy
 14190 | D        | Killed a royal mummy
 14201 | D        | Killed a royal mummy
 14581 | D        | Noticed a royal mummy
 14581 | D        | Noticed a royal mummy
 14582 | D        | Noticed a royal mummy
 14583 | D        | Noticed a royal mummy
 14584 | D        | Noticed a royal mummy
 14589 | D        | Killed a royal mummy
 14973 | D        | Reached skill level 15 in Throwing
 14980 | D        | Killed a royal mummy
 14984 | D        | Killed a royal mummy
 14999 | D        | Killed a royal mummy
 15008 | D        | Killed a royal mummy
 15012 | D        | Got a golden rune of Zot
 15418 | D        | Got an abyssal rune of Zot
 15561 | D        | Bought the ring of Erayvuas {rPois rCorr MP+9 Slay+2 SInv}
                  | for 1128 gold pieces
 15562 | D        | Bought a +6 ring of strength for 1053 gold pieces
 15565 | D        | Bought a +4 ring of slaying for 1248 gold pieces
 15565 | D        | Bought the ring "Wasakatt" {rN+ Int+6 SInv} for 700 gold
                  | pieces
 15581 | D        | Noticed Geryon
 15582 | D        | Killed Geryon
 15583 | D        | Reached XP level 21. HP: 183/183 MP: 44/52
 15585 | D        | Noticed Antaeus
 15585 | D        | Noticed Ereshkigal
 15610 | D        | Killed Antaeus
 15622 | D        | Paralysed by Ereshkigal for 4 turns
 15625 | D        | Slain by Ereshkigal

Illustrated notes

Levels and vault maps discovered:
D:        linesprint [early_d, line_temple, items_1, d_10, items_2, lair_1,
          lair_end, items_3, orc_1, orc_end, items_4, d_15, swamp_1, shoals_1,
          snake_1, spider_1, d_20, vaults_1, items_5, swamp_end, shoals_end,
          snake_end, spider_end, vaults_end, d_27, items_6, zot_1, zot_end,
          crypt_end, forest_end, elf_end, slime_end, tomb_end, abyss_end,
          pan_hell_end]

Skill      XL: |  1  2  3  4  5  6  7  8  9 10 11 12 13 14 15 16 17 18 19 20 |
---------------+-------------------------------------------------------------+-----
Dodging        | 3 4 5 6 7 8 9 10 12 14 18 19 25 27 | 27.0
Unarmed Combat | 6 8 9 11 12 13 15 17 20 22 25 27 | 27.0
Spellcasting   | 3 4 5 6 8 9 10 11 12 14 16 20 23 26 27 | 27.0
Transmutations | 3 4 5 6 7 8 9 10 12 13 15 18 21 24 27 | 27.0
Fighting       | 2 3 4 5 6 7 8 10 12 14 15 19 25 27 | 27.0
Stealth        | 1 2 4 5 6 7 8 10 12 17 21 27 | 27.0
Ice Magic      | 1 2 4 5 6 7 |  7.8
Evocations     | 1 2 3 4 5 |  5.5
Earth Magic    | 2 4 5 7 9 11 12 14 25 | 25.9
Shields        | 4 13 24 27 | 27.0
Throwing       | 17 | 17.9

Action                   |  1- 3 |  4- 6 |  7- 9 | 10-12 | 13-15 | 16-18 | 19-21 || total
-------------------------+-------+-------+-------+-------+-------+-------+-------++-------
Melee: Unarmed           |    16 |    18 |    38 |   229 |   284 |   396 |   307 ||  1288
       Kick              |     5 |     5 |       |     7 |       |       |       ||    17
       Constrict         |     3 |     3 |       |     5 |     4 |     3 |    19 ||    37
       Tentacles         |     2 |       |       |    13 |    23 |    11 |    33 ||    82
       Punch             |       |       |       |    11 |    47 |    79 |    46 ||   183
       Tailslap          |       |       |       |       |    36 |    74 |    30 ||   140
       Bite              |       |       |       |       |    21 |    56 |    26 ||   103
Throw: Javelin           |       |       |       |       |       |       |     8 ||     8
 Cast: Beastly Appendage |     2 |     1 |       |     1 |     1 |       |       ||     5
       Wereblood         |       |     2 |     2 |    15 |    15 |    14 |    15 ||    63
       Ice Form          |       |     1 |     2 |    11 |     1 |     1 |     1 ||    17
       Statue Form       |       |       |       |     3 |     8 |     5 |     7 ||    23
       Dragon Form       |       |       |       |       |    11 |    12 |     5 ||    28
Invok: Call Merchant     |       |       |       |     5 |     5 |       |     7 ||    17
       Potion Petition   |       |       |       |       |     4 |     1 |     1 ||     6
 Abil: Breathe Fire      |       |       |       |       |     5 |     1 |       ||     6
       End Transformatio |       |       |       |       |       |       |     1 ||     1
Evoke: Wand              |       |     2 |       |     4 |     3 |       |       ||     9
       Phantom mirror    |       |       |       |       |       |       |     1 ||     1
  Use: Potion            |     2 |       |       |     4 |     9 |       |     7 ||    22
       Scroll            |       |       |       |     2 |     2 |       |     4 ||     8
 Stab: Sleeping          |       |       |     1 |       |     1 |     3 |    14 ||    19
       Distracted        |       |       |       |     1 |     4 |    10 |    13 ||    28
Armor: Skin              |     2 |     1 |     6 |    32 |    64 |    45 |    34 ||   184
Dodge: Dodged            |     6 |     5 |    17 |    98 |   121 |   104 |    89 ||   440
Block: Other             |       |       |       |       |       |    14 |    23 ||    37

Table legend: (Time is in decaauts) A = Elapsed time spent in this place. B = Non-inter-level travel time spent in this place. C = Inter-level travel time spent in this place. D = Time resting spent in this place. E = Time spent auto-exploring this place. F = Levels seen in this place. G = Mean time per level. A B C D E F G +--------+--------+--------+--------+--------+-----+--------+ Total | 15485 | 15206 | 279 | 8368 | 2260 | 1 | 15485.0 | Dungeon | 15485 | 15206 | 279 | 8368 | 2260 | 1 | 15485.0 | +--------+--------+--------+--------+--------+-----+--------+

Top non-repeatable levels by time:
       D: 15485 daAuts
